 Dungeon Crawl Stone Soup version 0.26-a0-317-ge2f3d4a7ca (webtiles) character file.

Game seed: 14227474387118843868

88 MrRokkomies the Charlatan (level 4, 0/31 HPs)
             Began as a Spriggan Venom Mage on July 16, 2020.
             Succumbed to an adder's poison
             ... on level 2 of the Dungeon.
             The game lasted 00:06:56 (1477 turns).

MrRokkomies the Charlatan (Spriggan Venom Mage)     Turns: 1477, Time: 00:06:56

Health: 0/31       AC: 22    Str:  5    XL:     4   Next: 30%
Magic:  9/9        EV:  4    Int: 16    God:
Gold:   128        SH:  0    Dex: 16    Spells: 7/8 levels left

rFire    . . .     SeeInvis +   a - +0 short sword
rCold    . . .     Faith    .   (shield restricted)
rNeg     + + +     Spirit   .   (armour currently unavailable)
rPois    +         Reflect  .   (helmet currently unavailable)
rElec    .         Harm     .   (cloak currently unavailable)
rCorr    .         NoTele   +   (gloves unavailable)
MR       .....                  (boots unavailable)
Stlth    ++........             (no amulet)
HPRegen  0.10/turn              (no ring)
MPRegen  0.11/turn              (no ring)

@: mighty, brilliant, lethally poisoned (0 -> -1), tree-form
A: very small, unfitting armour, see invisible
a: no special abilities


You were on level 2 of the Dungeon.
You were a tree.
You visited 1 branch of the dungeon, and saw 2 of its levels.

You collected 128 gold pieces.

Inventory:

Hand Weapons
 a - a +0 short sword (weapon)
Armour
 c - a scarf of invisibility (melded)
 d - a +1 robe (melded)
Scrolls
 g - a scroll of enchant armour
 h - a scroll of remove curse


   Skills:
 - Level 3.1 Dodging
 - Level 3.0 Stealth
 - Level 2.6 Spellcasting
 - Level 1.6 Transmutations
 - Level 3.1 Poison Magic
 * Level 5.1 Evocations


You had 7 spell levels left.
You knew the following spells:

 Your Spells              Type           Power        Failure   Level
a - Sting                 Tmut/Pois      ##..         8%          1

Your spell library contained the following spells:

 Spells                   Type           Power        Failure   Level
 Poisonous Vapours        Pois/Air       ##....       16%         2
 Ignite Poison            Fire/Tmut/Pois ##......     30%         3
 Mephitic Cloud           Conj/Pois/Air  #.......     36%         3
 Olgreb's Toxic Radiance  Pois           ###.....     47%         4


Dungeon Overview and Level Annotations

Branches:
Dungeon (2/15)

Altars:


Innate Abilities, Weirdness & Mutations

You are very small and have problems with some larger weapons.
You are too small for most types of armour.
You have supernaturally acute eyesight. (SInv)
((You cover ground extremely quickly.))


Message History

* * * LOW HITPOINT WARNING * * *
You feel sick.
* * * LOW HITPOINT WARNING * * *
You feel sick.
As you read the scroll labeled PEUDAI QIQI, it crumbles to dust.
The scroll dissolves into smoke.
It was a scroll of fog.
As you read the scroll labeled HEOSUMUOFF, it crumbles to dust.
You cannot blink because you are held in place by your roots.
It was a scroll of blinking.
As you read the scroll labeled RORPHU NA WINA, it crumbles to dust.
It is a scroll of enchant armour.
Your +0 robe glows green for a moment.
As you read the scroll labeled KIBLIA GITYH, it crumbles to dust.
You feel blessed for a moment.
It was a scroll of remove curse.
* * * LOW HITPOINT WARNING * * *
You feel sick.
As you read the scroll labeled HEETEJEUGYTO, it crumbles to dust.
It is a scroll of identify.
You don't have any unidentified items.
You die...

#.... #.### #.# #.###
#.... ####### #.#####
.##################......
......§§7§§...........)..
.##################.#####
.............
........#####
######..#.... ####.#.###
####....#.###
#......†).#..
#.##.#....#.#


There were no monsters in sight!

Vanquished Creatures
  3 adders (D:2)
  2 oozes (D:2)
  A worm (D:2)
  4 dart slugs (D:1)
  3 giant cockroaches
  5 goblins
  5 hobgoblins
  5 bats
  6 frilled lizards
  6 kobolds
  7 rats
47 creatures vanquished.

Notes
Turn   | Place    | Note
-------+----------+-------------------------------------------
     0 | D:1      | MrRokkomies the Spriggan Venom Mage began the quest for the
                  | Orb.
     0 | D:1      | Reached XP level 1. HP: 9/9 MP: 5/5
   231 | D:1      | Reached skill level 1 in Evocations
   340 | D:1      | Reached XP level 2. HP: 13/13 MP: 6/6
   395 | D:1      | Reached skill level 2 in Evocations
   670 | D:1      | Reached skill level 3 in Evocations
   962 | D:2      | Reached XP level 3. HP: 16/16 MP: 5/8
  1077 | D:2      | Reached skill level 4 in Evocations
  1316 | D:2      | Reached XP level 4. HP: 20/21 MP: 9/9
  1457 | D:2      | Reached skill level 5 in Evocations
  1469 | D:2      | HP: 1/31 [poisoned by an adder]
  1477 | D:2      | Succumbed to an adder's poison

Illustrated notes

Levels and vault maps discovered:
D:1:      dpeg_arrival_tiny_j, layout_loops_ring
D:2:      layout_basic, kennysheep_generic_room_5

Skill      XL: |  1  2  3  4 |
---------------+-------------+-----
Evocations     | 1 3 4 5 |  5.1
Dodging        | |  3.1
Stealth        | |  3.0
Spellcasting   | |  2.6
Transmutations | |  1.6
Poison Magic   | |  3.1

Action                   |  1- 3 |  4- 6 || total
-------------------------+-------+-------++-------
Melee: Short sword       |    85 |    11 ||    96
 Cast: Sting             |    32 |     3 ||    35
  Use: Scroll            |       |     5 ||     5
       Potion            |       |     3 ||     3
 Stab: Sleeping          |     7 |     1 ||     8
Armor: Robe              |    11 |       ||    11
       Skin              |       |     6 ||     6
Dodge: Dodged            |    69 |     6 ||    75

Table legend:
 A = Non-vault XP
 B = Vault XP
 C = Vault XP percentage of total XP
 D = Non-vault monster count
 E = Vault monster count
 F = Vault count percentage of total count
                 A         B        C        D         E       F
            +---------+---------+-------+---------+---------+-------
      Total |     127 |       0 |   0.0 |      47 |       0 |   0.0
            +---------+---------+-------+---------+---------+-------
        D:1 |      40 |       0 |   0.0 |      21 |       0 |   0.0
        D:2 |      87 |       0 |   0.0 |      26 |       0 |   0.0
            +---------+---------+-------+---------+---------+-------
